 Dungeon Crawl Stone Soup version 0.30.1-11-g7821555f0a (webtiles) character file.

Game seed: 15202897147608177666

21 ChrisAssaf the Magician (level 3, -4/26 HPs)
             Began as a Djinni Enchanter on Nov 10, 2023.
             Slain by Terence
             ... wielding a +0 trident
              (9 damage)
             ... on level 2 of the Dungeon.
             The game lasted 00:02:23 (483 turns).

ChrisAssaf the Magician (Djinni Enchanter)           Turns: 483, Time: 00:02:23

Health: -4/26      AC:  2    Str:  7    XL:     3   Next: 5%
Gold:   11         EV: 12    Int: 18    God:
                   SH:  0    Dex: 13

rFire   + + +        a - +1 dagger
rCold   . . .        (no shield)
rNeg    . . .        b - +0 robe
rPois   ∞            (no helmet)
rElec   +            (no cloak)
rCorr   +            (no gloves)
SInv    .            (boots unavailable)
Will    .....        (no amulet)
Stlth   ++           (no ring)
HPRegen 0.24/turn    (no ring)
MPRegen 0.00/turn

%: infuse magic (-5 HP)
@: resistant, flying
A: sickness immunity, fire resistance 2, cold vulnerability 1, float, innate
caster, HP casting, extra vitality 1
a: no special abilities


You were on level 2 of the Dungeon.
You visited 1 branch of the dungeon, and saw 2 of its levels.

You collected 11 gold pieces.

Inventory:

Hand Weapons
 a - a +1 dagger (weapon)
Armour
 b - a +0 robe (worn)
Scrolls
 e - a scroll of magic mapping


   Skills:
 * Level 0.3 Fighting
 * Level 1.1 Short Blades
 * Level 0.3 Armour
 * Level 2.3 Dodging
 * Level 2.6 Stealth
 * Level 2.7 Spellcasting


You knew the following spells:

 Your Spells              Type           Power      Damage    Failure   Level
a - Ensorcelled Hibernat  Hex/Ice        24%        N/A       9%          2
b - Confusing Touch       Hex            12%        N/A       16%         3
c - Tukima's Dance        Hex            12%        N/A       16%         3
d - Dazzling Flash        Conj/Hex       24%        N/A       16%         3
e - Foxfire               Conj/Fire      48%        2x1d6     5%          1
Your spell library was empty.

Dungeon Overview and Level Annotations

Branches:
Dungeon (2/15)

Altars:

Annotations:
D:2 Terence


Innate Abilities, Weirdness & Mutations

You are immune to sickness and miasma.
You are immune to poison.
Your flesh is very heat resistant. (rF++)
You are vulnerable to cold. (rC-)
You float through the air rather than walking.
You learn spells naturally, not from books.
Your magical power is your life essence.
You have superior vitality. (+4 MHP)


Message History

You kill the jackal!
You have reached level 3!
Your experience leads to an increase in your attributes!
Increase (S)trength, (I)ntelligence, or (D)exterity?
You feel clever. x2
The power to cast Foxfire wells up from within.
Spell assigned to 'e'.
You see here a jackal corpse.
There is a stone staircase leading down here.
You fly downwards.
Level annotation: Terence The rat barely misses you.
The rat bites you but does no damage. The rat bites you.
Terence closely misses you. The rat barely misses you.
There is a stone staircase leading up here.
The rat bites you. The rat barely misses you.
Terence hits you from afar with a +0 trident!
The rat attacks as you move away! The rat bites you. The rat barely misses you.
Terence closely misses you. The rat attacks as you move away!
The rat completely misses you. The rat attacks as you move away!
The rat bites you.
The rat twitches its whiskers.
The rat bites you but does no damage.
Terence hits you from afar with a +0 trident!
* * * LOW HITPOINT WARNING * * *
It was a potion of resistance.
You feel protected. The rat bites you.
* * * LOW HITPOINT WARNING * * *
You hit the rat.
You kill the rat!
You hit the rat.
The rat is severely wounded.
The rat closely misses you. Terence closely misses you.
You hit the rat but do no damage.
The rat is severely wounded.
The rat barely misses you. Terence closely misses you.
You hit the rat.
You kill the rat!
Terence hits you from afar with a +0 trident!
You die...

.. .###### .....#
....# ...#######
........#
#+####.......#
#..@†@.......#
######.......####
#.......#..
#.......#.#
#<......#.#####
#..............
#.......#######
##...#### #...#


You could see Terence.

Vanquished Creatures
  A dart slug (D:1)
  An endoplasm (D:1)
  A giant cockroach (D:1)
  2 goblins (D:1)
  3 hobgoblins (D:1)
  3 jackals (D:1)
  A quokka (D:1)
  A ball python (D:2)
  A frilled lizard (D:1)
  4 rats
18 creatures vanquished.

Notes
Turn   | Place    | Note
-------+----------+-------------------------------------------
     0 | D:1      | ChrisAssaf the Djinni Enchanter began the quest for the
                  | Orb.
     0 | D:1      | ChrisAssaf set off with the following spells memorised:
                  | Ensorcelled Hibernation, Confusing Touch, Tukima's Dance,
                  | Dazzling Flash.
     0 | D:1      | Reached XP level 1. HP: 15/15 MP: 0/0
    62 | D:1      | Reached XP level 2. HP: 13/21 MP: 0/0
    68 | D:1      | Reached skill level 1 in Short Blades
   344 | D:2      | Noticed Terence
   462 | D:1      | Reached XP level 3. HP: 24/26 MP: 0/0
   462 | D:1      | Learned a level 1 spell: Foxfire
   483 | D:2      | Slain by Terence

Illustrated notes

Levels and vault maps discovered:
D:1:      psy_arrival_terrarium, layout_basic,
          ebering_ecumenical_altar_petrified, minmay_misc_feat_roman,
          minmay_surrounded
D:2:      minmay_general_purpose_star, layout_basic, minmay_pentomino_pile,
          uniq_terence

Skill      XL: |  1  2 |
---------------+-------+-----
Short Blades   | 1 |  1.1
Fighting       | |  0.3
Armour         | |  0.3
Dodging        | |  2.3
Stealth        | |  2.6
Spellcasting   | |  2.7

Action                     || total
---------------------------++-------
  Melee: Dagger            ||    57
   Cast: Ensorcelled Hiber ||     7
    Use: Potion            ||     4
         Scroll            ||     1
   Stab: Sleeping          ||     4
 Armour: Robe              ||     6
  Dodge: Dodged            ||    61
